 Dungeon Crawl Stone Soup version 0.24-a0-443-g80245de385 (webtiles) character file.

Game seed: 4794690172303056171

744 Conn the Magician (level 7, -2/37 HPs)
             Began as a Deep Elf Fire Elementalist on June 21, 2019.
             Was an Initiate of Sif Muna.
             Slain by a killer bee (6 damage)
             ... on level 6 of the Dungeon.
             The game lasted 00:12:40 (4694 turns).

Conn the Magician (Deep Elf Fire Elementalist)      Turns: 4694, Time: 00:12:40

Health: -2/37      AC:  5    Str:  5    XL:     7   Next: 47%
Magic:  18/18      EV: 14    Int: 27    God:    Sif Muna [......]
Gold:   159        SH:  2    Dex: 15    Spells: 10/18 levels left

rFire    . . .     SeeInvis .   x - +4 short sword (drain)
rCold    . . .     Gourm    .   (no shield)
rNeg     . . .     Faith    .   a - +0 robe
rPois    .         Spirit   .   A - +0 helmet (curse)
rElec    .         Reflect  +   (no cloak)
rCorr    .         Harm     .   (no gloves)
MR       +....                  B - +1 pair of boots
Stlth    +++.......             n - +2 amulet of reflection
HPRegen  0.12/turn              q - ring of protection from magic
MPRegen  0.16/turn              (no ring)

@: brilliant, lethally poisoned (-2 -> -11)
A: no striking features
a: Renounce Religion


You were on level 6 of the Dungeon.
You worshipped Sif Muna.
Sif Muna was noncommittal.
You were not hungry.

You visited 2 branches of the dungeon, and saw 7 of its levels.

You collected 159 gold pieces.

Inventory:

Hand Weapons
 x - a +4 short sword of draining (weapon)
Missiles
 j - 6 javelins (quivered)
Armour
 a - a +0 robe (worn)
 A - a cursed +0 helmet (worn)
 B - a +1 pair of boots (worn)
Jewellery
 n - a +2 amulet of reflection (around neck)
 q - a ring of protection from magic (left hand)
 z - an uncursed ring of stealth {unknown}
Wands
 s - a wand of disintegration (12)
 y - a wand of enslavement (8)
Scrolls
 d - 3 scrolls of remove curse {unknown}
 g - 5 scrolls of identify {unknown}
 h - 3 scrolls of enchant weapon {unknown}
 i - a scroll of immolation {unknown}
 k - 2 scrolls of fear {unknown}
 m - 4 scrolls of teleportation {unknown}
 o - a scroll of fog {unknown}
 p - a scroll of enchant armour {unknown}
 r - 2 scrolls of amnesia {unknown}
Potions
 e - a potion of curing
 t - a potion of ambrosia
 w - a potion of flight {unknown}
Comestibles
 b - 8 chunks of flesh
 c - 3 rations


   Skills:
 + Level 0.6 Fighting
 + Level 1.0 Short Blades
 + Level 3.8 Dodging
 + Level 5.0 Stealth
 + Level 6.3 Spellcasting
 + Level 4.1 Conjurations
 + Level 5.3 Fire Magic


You had 10 spell levels left.
You knew the following spells:

 Your Spells              Type           Power        Failure   Level  Hunger
a - Flame Tongue          Conj/Fire      #####        1%          1    None
b - Conjure Flame         Conj/Fire      ######..     1%          3    None
c - Sticky Flame          Conj/Fire      ######..     1%          4    ###....

Your spell library contained the following spells:

 Spells                   Type           Power        Failure   Level  Hunger
 Throw Flame              Conj/Fire      ######       1%          2    None
 Inner Flame              Hex/Fire       #####...     1%          3    None
 Fireball                 Conj/Fire      ######....   3%          5    #####..


Dungeon Overview and Level Annotations

Branches:
Dungeon (7/15)             Temple (1/1) D:4

Altars:
Ashenzari
Cheibriados
Dithmenos
Elyvilon
Fedhas
Gozag
Hepliaklqana
Kikubaaqudgha
Makhleb
Nemelex Xobeh
Ru
Sif Muna
Trog
Uskayaw
Vehumet
Wu Jian
Xom
Yredelemnul
Zin
The Shining One

Annotations:
D:7 Pikel


Message History

The killer bee misses you. The killer bee stings you.
* * * LOW HITPOINT WARNING * * *
It was a potion of cancellation.
Your magical effects are unravelling.
You feel magically purged.
You feel less invigorated.
You feel less confused.
You feel a little less mighty now.
The sentinel's mark upon you fades away.
* * * LOW HITPOINT WARNING * * *
You feel sick. The killer bee stings you.
* * * LOW HITPOINT WARNING * * *
The killer bee barely misses you. The killer bee closely misses you.
The killer bee stings you but does no damage.
Okay, then.
Unknown command.
Unknown command.
It was a potion of brilliance.
You feel clever all of a sudden.
* * * LOW HITPOINT WARNING * * *
You feel sick. The killer bee stings you.
You die...

### #..
#.# #y#
#@#
#.....y#
......#..
.###......
## ####.
.# #


You could see 2 killer bees.

Vanquished Creatures
  A sky beast (D:7)
  2 ogres
  A scorpion (D:4)
  A crimson imp (D:7)
  2 hounds (D:4)
  2 orc wizards (D:3)
  An iguana (D:4)
  3 worker ants (D:4)
  3 gnolls (D:7)
  4 adders
  An ooze (D:3)
  An adder skeleton (D:7)
  A dart slug (D:3)
  A leopard gecko (D:3)
  20 orcs
  6 bats
  5 giant cockroaches
  7 goblins
  6 hobgoblins
  11 jackals
  7 kobolds
  3 quokkas (D:3)
  5 frilled lizards
  10 rats
104 creatures vanquished.

Notes
Turn   | Place    | Note
-------+----------+-------------------------------------------
     0 | D:1      | Conn the Deep Elf Fire Elementalist began the quest for the
                  | Orb.
     0 | D:1      | Reached XP level 1. HP: 10/10 MP: 6/6
   272 | D:1      | Reached XP level 2. HP: 13/15 MP: 1/8
  1171 | D:2      | Reached XP level 3. HP: 19/19 MP: 8/10
  1176 | D:2      | Learned a level 3 spell: Conjure Flame
  1937 | D:3      | Found a white marble altar of Elyvilon.
  1937 | D:3      | Found a sacrificial altar of Ru.
  1959 | D:3      | Reached skill level 4 in Spellcasting
  1959 | D:3      | Reached XP level 4. HP: 24/24 MP: 3/12
  2598 | D:3      | Reached XP level 5. HP: 28/28 MP: 10/13
  2615 | D:3      | Learned a level 4 spell: Sticky Flame
  3077 | D:4      | Found a shadowy altar of Dithmenos.
  3522 | D:4      | Reached XP level 6. HP: 17/32 MP: 4/15
  3812 | D:4      | Found a staircase to the Ecumenical Temple.
  3818 | Temple   | Entered the Ecumenical Temple
  3979 | Temple   | Became a worshipper of Sif Muna the Loreminder
  4029 | D:4      | Reached skill level 5 in Spellcasting
  4320 | D:4      | You fall into a shaft and drop 3 floors!
  4323 | D:7      | Reached XP level 7. HP: 35/37 MP: 13/17
  4400 | D:7      | Reached skill level 1 in Short Blades
  4400 | D:7      | Reached skill level 5 in Fire Magic
  4520 | D:7      | Reached skill level 5 in Stealth
  4520 | D:7      | Reached skill level 6 in Spellcasting
  4655 | D:7      | Noticed Pikel
  4694 | D:6      | Slain by a killer bee

Levels and vault maps discovered:
D:1:      saegor_arrival_simple_a, layout_basic
D:2:      layout_basic
D:3:      layout_basic, gammafunk_temple_overflow_elements, minmay_vboxes
D:4:      layout_cave_pools, minmay_temple_entry_hall, serial_park,
          serial_park_square2, first_ration, grunt_dithmenos_smoke_and_mirrors
D:6:      layout_basic, amethyst_killhole
D:7:      layout_layer_cave, uniq_pikel
Temple:   dpeg_five_rooms_temple

Skill      XL: |  1  2  3  4  5  6  7 |
---------------+----------------------+-----
Dodging        | 3 |  3.8
Stealth        | 3 4 5 |  5.0
Spellcasting   | 4 5 6 |  6.3
Conjurations   | 2 3 4 |  4.1
Fire Magic     | 4 5 |  5.3
Short Blades   | 1 |  1.0
Fighting       | |  0.6

Action                   |  1- 3 |  4- 6 |  7- 9 || total
-------------------------+-------+-------+-------++-------
Melee: Dagger            |    19 |    13 |       ||    32
       Short sword       |       |     7 |       ||     7
 Cast: Flame Tongue      |    75 |    88 |    23 ||   186
       Conjure Flame     |     1 |     2 |       ||     3
       Sticky Flame      |       |     2 |     2 ||     4
  Use: Potion            |       |       |     6 ||     6
 Stab: Sleeping          |     3 |     6 |       ||     9
       Distracted        |       |     1 |       ||     1
  Eat: Chunk             |     3 |     4 |     2 ||     9
       Ration            |       |     1 |       ||     1
Armor: Robe              |     4 |     8 |     6 ||    18
Dodge: Dodged            |    41 |    30 |    32 ||   103
Block: Other             |     2 |     4 |     5 ||    11
       Reflection        |       |     1 |       ||     1

Table legend:
 A = Non-vault XP
 B = Vault XP
 C = Vault XP percentage of total XP
 D = Non-vault monster count
 E = Vault monster count
 F = Vault count percentage of total count
                 A         B        C        D         E       F
            +---------+---------+-------+---------+---------+-------
      Total |    1041 |      22 |   2.1 |      98 |       6 |   5.8
            +---------+---------+-------+---------+---------+-------
        D:1 |      28 |       0 |   0.0 |      17 |       0 |   0.0
        D:2 |      25 |       0 |   0.0 |      16 |       0 |   0.0
        D:3 |     166 |      22 |  11.7 |      39 |       6 |  13.3
        D:4 |     447 |       0 |   0.0 |      13 |       0 |   0.0
        D:7 |     375 |       0 |   0.0 |      13 |       0 |   0.0
            +---------+---------+-------+---------+---------+-------
